 Dungeon Crawl Stone Soup version 0.20.1-1-g8b1a95d (webtiles) character file.

3607 septik the Grappler (level 9, 78/93 HPs)
             Began as a Troll Monk on Dec 12, 2017.
             Was a Believer of Trog.
             Quit the game on level 7 of the Dungeon on May 14, 2018.
             The game lasted 00:23:54 (4946 turns).

septik the Grappler (Troll Monk)                    Turns: 4946, Time: 00:23:55

Health: 78/93      AC:  5    Str: 23    XL:     9   Next: 86%
Magic:  8/8        EV: 10    Int:  6    God:    Trog [**....]
Gold:   311        SH:  0    Dex: 13    Spells: 8/8 levels left

rFire    . . .     SeeInvis .     - Unarmed
rCold    . . .     Gourm    +   (no shield)
rNeg     . . .     Faith    .   a - +0 robe
rPois    .         Spirit   .   (helmet restricted)
rElec    .         Reflect  .   (no cloak)
rCorr    .         Harm     .   (gloves unavailable)
MR       .....                  (boots unavailable)
Stlth    ++........             (no amulet)
Regen    0.7/turn               (no ring)
MPRegen  0.2/turn               (no ring)

@: no status effects
A: unfitting armour, claws 3, fast metabolism 3, gourmand, regeneration 1,
shaggy fur 1, tough skin 2
a: Berserk, Trog's Hand, Burn Spellbooks, Renounce Religion


You were on level 7 of the Dungeon.
You worshipped Trog.
Trog was pleased with you.
You were completely stuffed.

You visited 2 branches of the dungeon, and saw 8 of its levels.
You also visited: Sewer.

You collected 311 gold pieces.

Inventory:

Hand Weapons
 r - a +0 hunting sling of freezing
 w - a +0 giant spiked club
Missiles
 d - 11 tomahawks (quivered)
 j - 179 stones
 q - a silver tomahawk
Armour
 a - a +0 robe (worn)
 o - a cursed -2 robe
 p - a +0 animal skin
Magical Staves
 s - an uncursed staff of air
Wands
 l - a wand of enslavement (1/24)
 v - a wand of digging (12/24)
Scrolls
 c - 3 scrolls of identify
 f - 3 scrolls of amnesia
 g - 2 scrolls of recharging
 t - a scroll of teleportation {unknown}
 x - a scroll of fear {unknown}
 y - a scroll of remove curse
Potions
 e - a potion of ambrosia
 h - a potion of invisibility {unknown}
 i - 3 potions of curing
 u - a potion of might {unknown}
 z - a potion of brilliance {unknown}
Comestibles
 b - 3 bread rations
 k - a royal jelly
 m - 14 chunks of flesh
 n - 2 meat rations


   Skills:
 + Level 7.2 Fighting
 - Level 2.4 Dodging
 - Level 1.0 Stealth
 * Level 11.8 Unarmed Combat


You had 8 spell levels left.
You didn't know any spells.

Dungeon Overview and Level Annotations

Branches:
Dungeon (7/15)             Temple (1/1) D:6

Altars:
Ashenzari
Dithmenos
Elyvilon
Gozag
Kikubaaqudgha
Makhleb
Nemelex Xobeh
Okawaru
Qazlal
Ru
Sif Muna
Trog
Uskayaw
Vehumet
Xom
Yredelemnul
Zin
The Shining One

Shops:
D:6 :

Annotations:
D:5 1 runed door


Innate Abilities, Weirdness & Mutations

You are too large for most types of armour.
You have claws for hands.
Your metabolism is lightning-fast.
You like to eat raw meat.
Your natural rate of healing is unusually fast.
You are covered in fur. (AC +1)
You have very tough skin. (AC +2)


Message History

You see here a howler monkey corpse.
You butcher the howler monkey corpse.
m - 15 chunks of flesh (gained 3)
You start resting.
Eating one of 15 chunks of flesh.
You eat one of the 15 chunks of flesh.
This raw flesh tastes great.
A worker ant zombie comes into view.
The worker ant zombie moves out of view.
You scratch the worker ant zombie but do no damage.
The worker ant zombie bites you but does no damage.
You mangle the worker ant zombie!!
The worker ant zombie is severely damaged.
The worker ant zombie closely misses you.
You claw the worker ant zombie!
You destroy the worker ant zombie!
Trog accepts your kill.
Save game and exit?
Welcome back, septik the Troll Monk.
Trog says: Kill them all!
Press ? for a list of commands and other information.
Are you sure you want to abandon this character and quit the game? (Confirm with "yes".)

...#.......#P.#≈≈≈≈≈≈≈#.P#...#
...........#8≈#5Koo...#P8#...#
##.........###############...#
....##.......................#
#.#..#....#...........)....>.#
..##........##.....#.........#
.#####.......).....#...##########
............##...#######.#⌠#8#.#_
######h.###..###@.#####8.#.#.#.#.
### ##O## ##.....÷...............
..# #.s# #####.÷..............=
#.###..# #...#...8.#.#.#.#.
#......#########...###.#.###.###.
####....%..........#...##########
#############...#.....)†...#
#...#..........# #...############


You could see a kobold demonologist, 2 orc priests and a shadow imp.

Vanquished Creatures
  Pikel (D:4)
  The ghost of Frank the Slasher, a novice OpFi (D:5)
  Grinder (D:3)
  Sigmund (D:2)
  Duvessa (D:5)
  2 sky beasts (D:6)
  A black bear (D:7)
  An ice beast (D:6)
  2 ogres (D:7)
  A phantom (D:6)
  3 centaurs
  3 bullfrogs
  Dowan (D:5)
  A gnoll sergeant (D:7)
  2 scorpions (D:7)
  6 wights (D:6)
  6 howler monkeys (D:7)
  2 crimson imps (D:5)
  A hound (D:7)
  A centaur skeleton (D:7)
  An orc priest (D:2)
  4 orc wizards
  2 iguanas
  Jessica (D:3)
  Natasha (thrice) (D:2)
  Terence (D:3)
  4 worker ants
  A hound zombie (D:7)
  A worker ant zombie (D:7)
  Robin (D:3)
  6 gnolls
  6 adders
  An ooze (D:1)
  2 adder skeletons
  3 worms (D:3)
  4 leopard geckos
  14 orcs
  6 ball pythons
  4 bats
  11 giant cockroaches
  12 goblins
  5 hobgoblins
  2 jackals (D:2)
  3 kobolds
  3 quokkas
  5 frilled lizards
  6 rats
150 creatures vanquished.

Vanquished Creatures (others)
  A giant cockroach zombie (D:5)
  A quokka skeleton (D:5)
2 creatures vanquished.

Grand Total: 152 creatures vanquished

Notes
Turn   | Place    | Note
-------+----------+-------------------------------------------
     0 | D:1      | septik the Troll Monk began the quest for the Orb.
     0 | D:1      | Reached XP level 1. HP: 22/22 MP: 0/0
   190 | D:1      | Reached XP level 2. HP: 29/29 MP: 1/1
   213 | D:1      | Found a sparkling altar of Nemelex Xobeh.
   617 | D:2      | Reached XP level 3. HP: 36/36 MP: 2/2
   632 | D:2      | Noticed Sigmund
   679 | D:2      | Killed Sigmund
   679 | D:2      | Reached skill level 5 in Unarmed Combat
   679 | D:2      | Reached XP level 4. HP: 38/45 MP: 3/3
   679 | D:2      | Reached XP level 5. HP: 45/53 MP: 4/4
   825 | D:2      | Noticed Natasha
   833 | D:2      | Killed Natasha
   879 | D:2      | Noticed Natasha
   957 | D:2      | Killed Natasha
  1083 | D:2      | Noticed Natasha
  1088 | D:2      | Killed Natasha
  1088 | D:2      | Reached XP level 6. HP: 57/62 MP: 5/5
  1094 | D:3      | Noticed Jessica
  1102 | D:3      | Killed Jessica
  1148 | D:2      | Reached skill level 6 in Unarmed Combat
  1255 | D:3      | Noticed Terence
  1297 | D:3      | Noticed Robin
  1324 | D:3      | Killed Robin
  1379 | D:3      | Killed Terence
  1602 | D:3      | Noticed Grinder
  1613 | D:3      | Killed Grinder
  1613 | D:3      | Reached skill level 7 in Unarmed Combat
  1613 | D:3      | Reached XP level 7. HP: 42/71 MP: 6/6
  1673 | D:3      | Found a shadowy altar of Dithmenos.
  1917 | D:3      | Found a hide-covered altar of Uskayaw.
  2561 | D:5      | Entered Level 5 of the Dungeon
  2563 | D:5      | Noticed Duvessa
  2563 | D:5      | Noticed Dowan
  2655 | D:5      | Killed Duvessa
  2666 | D:5      | Killed Dowan
  2666 | D:5      | Reached skill level 8 in Unarmed Combat
  2739 | D:5      | Reached skill level 5 in Fighting
  2739 | D:5      | Reached XP level 8. HP: 80/80 MP: 7/7
  2797 | D:5      | Found a shimmering altar of Xom.
  2802 | D:5      | Noticed Pikel
  2828 | D:5      | Noticed Frank's ghost (novice OpFi)
  2836 | D:4      | Killed Pikel
  2836 | D:4      | Reached skill level 9 in Unarmed Combat
  2968 | D:5      | Killed Frank's ghost
  3113 | D:5      | Found a runed door.
  3190 | D:6      | Found a staircase to the Ecumenical Temple.
  3197 | Temple   | Entered the Ecumenical Temple
  3293 | D:6      | Found Voraggeups's Book Shop.
  3304 | D:6      | Found a glowing drain.
  3318 | Sewer    | Entered a sewer
  3565 | Sewer    | Reached skill level 10 in Unarmed Combat
  3657 | D:6      | Reached XP level 9. HP: 89/89 MP: 8/8
  3922 | D:6      | Found a stormy altar of Qazlal.
  4443 | D:7      | Reached skill level 11 in Unarmed Combat
  4580 | D:7      | Noticed a kobold demonologist
  4588 | D:7      | Found a transporter.
  4632 | D:7      | Found a bloodstained altar of Trog.
  4632 | D:7      | Found a basalt altar of Yredelemnul.
  4636 | D:7      | Found an iron altar of Okawaru.
  4640 | D:7      | Became a worshipper of Trog the Wrathful
  4640 | D:7      | Reached * piety under Trog
  4640 | D:7      | Reached ** piety under Trog
  4666 | D:7      | Found a transporter.
  4687 | D:7      | Noticed an ice devil
  4698 | D:7      | Noticed a rust devil
  4946 | D:7      | Quit the game

Skill      XL: |  1  2  3  4  5  6  7  8  9 |
---------------+----------------------------+-----
Fighting       | 3 4 5 6 7 |  7.2
Unarmed Combat | 5 7 8 10 11 | 11.8
Dodging        | |  2.4
Stealth        | |  1.0

Action                   |  1- 3 |  4- 6 |  7- 9 || total
-------------------------+-------+-------+-------++-------
Melee: Unarmed           |    40 |   128 |   277 ||   445
       Punch             |       |     4 |    19 ||    23
Invok: Burn Spellbooks   |       |       |     1 ||     1
  Use: Scroll            |       |     5 |     2 ||     7
 Stab: Sleeping          |     1 |     1 |     1 ||     3
  Eat: Chunk             |     8 |    12 |    31 ||    51
Armor: Robe              |    17 |    50 |    77 ||   144
Dodge: Dodged            |    30 |    60 |   115 ||   205
